 Dungeon Crawl Stone Soup version 0.31-a0-176-g91f28db67f (webtiles) character file.

Game seed: 6511536013025738010

112 qw the Chopper (level 4, -5/28 HPs)
             Began as a Gargoyle Fighter on June 17, 2023.
             Killed by divine providence
             ... invoked by an orc priest
              (14 damage)
             ... on level 2 of the Dungeon.
             The game lasted 00:00:50 (1486 turns).

qw the Chopper (Gargoyle Fighter)                   Turns: 1486, Time: 00:00:51

Health: -5/28      AC: 10    Str: 22    XL:     4   Next: 93%
Magic:  4/4        EV:  9    Int:  8    God:
Gold:   133        SH:  4    Dex:  9    Spells: 3/3 levels left

rFire   . . .        Y - +0 war axe
rCold   . . .        c - +0 buckler
rNeg    + . .        b - +0 scale mail
rPois   inf          (no helmet)
rElec   +            (no cloak)
rCorr   .            (no gloves)
SInv    .            (no boots)
Will    .....        (no amulet) Stlth
                     (no ring)
HPRegen 0.24/turn    (no ring)
MPRegen 0.09/turn

%: no passive effects
@: no status effects
A: sickness immunity, AC +3, negative energy resistance 1, electricity
resistance, torment resistance 1, petrification resistance
a: no special abilities


You were on level 2 of the Dungeon.
You visited 1 branch of the dungeon, and saw 2 of its levels.

You collected 133 gold pieces.


Innate Abilities, Weirdness & Mutations

You are immune to sickness and miasma.
Your stone body is resilient. (AC +3)
You are immune to poison.
You resist negative energy. (rN+)
You are resistant to electric shocks. (rElec)
You are resistant to unholy torment.
You are immune to petrification.


   Skills:
 - Level 3.2 Fighting
 + Level 4.5 Axes
 - Level 3.2 Armour
 - Level 3.2 Shields


You had 3 spell levels left.
You didn't know any spells.
Your spell library was empty.

Inventory:

Hand Weapons
 l - a +0 mace
 Y - a +0 war axe (weapon)
Armour
 b - a +0 scale mail (worn)
 c - a +0 buckler (worn)
 i - a +0 helmet
 j - a +2 buckler
Jewellery
 h - an amulet of the acrobat
Scrolls
 a - a scroll of revelation {unknown}
 e - 3 scrolls of identify {unknown}
 f - a scroll of vulnerability {unknown}
Potions
 d - a potion of might
 g - a potion of haste {unknown}

Dungeon Overview and Level Annotations

Branches:
Dungeon (2/15)

Altars:


Message History

Something hits you.
You feel less confused. Something hits you.
You completely miss something. Something hits you but does no damage.
You closely miss something. Something hits you.
You slash something! Something hits you but does no damage. Something hits you.
You barely miss something.
You hear some strange, mumbled words.
A magic dart appears from out of thin air!
The magic dart hits you.
You miss something. Something hits you but does no damage.
You miss something. Something hits you.
You hear some strange, mumbled words.
Something tries to affect you, but you resist.
You miss something.
You hear some strange, mumbled words.
A magic dart appears from out of thin air!
The magic dart hits you.
You barely miss something. Something hits you but does no damage.
You closely miss something.
An orc wizard appears from thin air!
Reactivating autopickup.
You block the orc wizard's attack.
You hit the orc wizard.
You kill the orc wizard!
You hit the worm.
The worm is moderately wounded.
The worm bites you but does no damage.
You barely miss the worm.
The worm is moderately wounded.
The orc priest invokes the aid of Beogh against you.
Beogh smites you!
Ouch! That really hurt!
You die...

#..####.#
.####..####.##
......<........
####.....##.##w ##...##
#.### #..## o...# #...
#.#o# ##.# #.#w# ##+##
#.#@# ##...###.##.).#
##.....##......#
##.......######.##
##)........####...##
)'%........'.......#
##)........####.......#
##.......## .....##.#
##.....## #.#...# #


You could see a worm and an orc priest.

Vanquished Creatures
  An orc wizard (D:2)
  Robin (D:2)
  3 adders (D:2)
  A worm (D:2)
  2 orcs (D:2)
  7 ball pythons
  2 endoplasms (D:2)
  2 giant cockroaches
  12 goblins
  4 hobgoblins
  3 bats
  A frilled lizard (D:1)
  A kobold (D:2)
  7 rats
47 creatures vanquished.

Notes
Turn   | Place    | Note
-------+----------+-------------------------------------------
     0 | D:1      | qw the Gargoyle Fighter began the quest for the Orb.
     0 | D:1      | Reached XP level 1. HP: 14/14 MP: 1/1
     0 | D:1      | 0 ||| qw: Version: 0.3-a-5-g6f28e65
     0 | D:1      | 0 ||| qw: Game counter: 441
     0 | D:1      | 0 ||| qw: Always use a shield: true
     0 | D:1      | 0 ||| qw: God list: Okawaru
     0 | D:1      | 0 ||| qw: Allow faded altars: false
     0 | D:1      | 0 ||| qw: Do Orc after D:15 true
     0 | D:1      | 0 ||| qw: Do second Lair branch before Depths: true
     0 | D:1      | 0 ||| qw: Lair rune preference: random
     0 | D:1      | 0 ||| qw: Plans: Normal, Zot:1-4, Slime:5, God:TSO, Crypt,
                  | Tomb, Abyss, Pan, Hells, Win
     0 | D:1      | 0 ||| PLANNING D:1-11
    52 | D:1      | Reached skill level 2 in Axes
   140 | D:1      | Reached XP level 2. HP: 19/19 MP: 2/2
   386 | D:1      | 386 ||| Stepping ~*~*~tactically~*~*~ (stealth).
   387 | D:1      | 387 ||| Stepping ~*~*~tactically~*~*~ (stealth).
   419 | D:1      | 419 ||| DROPPING +0 club.
   666 | D:1      | 666 ||| READING scroll labelled WUDIATE DISK.
   667 | D:1      | 667 ||| READING scroll labelled KUNNOAR FEUR.
   668 | D:1      | 668 ||| READING scroll labelled SIH BAR MEHUHARUTH.
   669 | D:1      | 669 ||| READING scroll labelled CIYTAGERIS.
   670 | D:1      | 670 ||| READING scroll labelled AXTUXARGHEV.
   671 | D:1      | 671 ||| DRINKING 2 bubbling ruby potions.
   672 | D:1      | 672 ||| DROPPING potion of brilliance.
   772 | D:2      | Reached skill level 3 in Axes
   772 | D:2      | Reached XP level 3. HP: 22/23 MP: 3/3
  1313 | D:2      | Noticed Robin
  1324 | D:2      | Reached XP level 4. HP: 11/28 MP: 4/4
  1325 | D:2      | Reached skill level 4 in Axes
  1327 | D:2      | Killed Robin
  1329 | D:2      | HP: 6/28 [hobgoblin[Robin] (5)]
  1442 | D:2      | 1442 ||| Stepping ~*~*~tactically~*~*~ (hiding).
  1443 | D:2      | 1443 ||| Stepping ~*~*~tactically~*~*~ (hiding).
  1481 | D:2      | HP: 7/28 [something/magic dart (3)]
  1486 | D:2      | Killed from afar by an orc priest

Levels and vault maps discovered:
D:1:      saegor_arrival_simple_e, layout_basic
D:2:      layout_loops_corners, uniq_robin

Skill      XL: |  1  2  3  4 |
---------------+-------------+-----
Axes           | 2 3 4 |  4.5
Fighting       | |  3.2
Armour         | |  3.2
Shields        | |  3.2

Action                     |  1- 3 |  4- 6 || total
---------------------------+-------+-------++-------
  Melee: War axe           |   103 |    38 ||   141
    Use: Scroll            |     5 |       ||     5
         Potion            |     1 |       ||     1
 Armour: Scale mail        |    74 |    33 ||   107
  Dodge: Dodged            |    47 |     9 ||    56
  Block: Buckler           |    24 |     4 ||    28

Table legend:
 A = Non-vault XP
 B = Vault XP
 C = Vault XP percentage of total XP
 D = Non-vault monster count
 E = Vault monster count
 F = Vault count percentage of total count
                 A         B        C        D         E       F
            +---------+---------+-------+---------+---------+-------
      Total |     126 |      34 |  21.2 |      36 |      11 |  23.4
            +---------+---------+-------+---------+---------+-------
        D:1 |      23 |       0 |   0.0 |      18 |       0 |   0.0
        D:2 |     103 |      34 |  24.8 |      18 |      11 |  37.9
            +---------+---------+-------+---------+---------+-------
